 Dungeon Crawl Stone Soup version 0.25.1-2-g60ff931df9 (webtiles) character file.

Game seed: 4548912021688166585

175 ArchParadox the Cutter (level 5, -1/33 HPs)
             Began as a Kobold Hunter on Aug 21, 2020.
             Killed by nerve-wracking pain
             ... invoked by Grinder
              (9 damage)
             ... while paralysed by Grinder
             ... on level 4 of the Dungeon.
             The game lasted 00:22:01 (4916 turns).

ArchParadox the Cutter (Kobold Hunter)              Turns: 4916, Time: 00:22:02

Health: -1/33      AC:  7    Str:  9    XL:     5   Next: 85%
Magic:  5/5        EV:  3    Int: 13    God:
Gold:   136        SH:  0    Dex: 16    Spells: 4/4 levels left

rFire    . . .     SeeInvis .   b - +0 short sword
rCold    . . .     Gourm    .   h - +0 buckler
rNeg     . . .     Faith    .   p - +0 scale mail
rPois    .         Spirit   .   t - +0 helmet
rElec    .         Reflect  .   (no cloak)
rCorr    .         Harm     .   (no gloves)
MR       .....                  (no boots)
Stlth    +.........             (no amulet)
HPRegen  0.11/turn              (no ring)
MPRegen  0.09/turn              (no ring)

@: paralysed, berserk cooldown, slowed
A: small, carnivore
a: no special abilities


You were on level 4 of the Dungeon.
You were very full.

You visited 1 branch of the dungeon, and saw 4 of its levels.

You collected 136 gold pieces.

Inventory:

Hand Weapons
 a - a +1 hand crossbow
 b - a +0 short sword (weapon)
 m - a +1 dagger of venom
Missiles
 d - 69 bolts
Armour
 c - a +0 leather armour
 h - a +0 buckler (worn)
 i - a +0 ring mail
 k - a +0 ring mail
 p - a +0 scale mail (worn)
 t - a +0 helmet (worn)
Jewellery
 q - an uncursed amulet of reflection {unknown}
 s - a +6 ring of intelligence {unknown}
Scrolls
 g - a scroll of amnesia {unknown}
Potions
 j - a potion of flight {unknown}
 l - a potion of brilliance {unknown}
 n - a potion of ambrosia {unknown}
 o - 2 potions of stabbing {unknown}
Comestibles
 f - 8 rations
 r - 2 chunks of flesh


   Skills:
 + Level 3.7 Fighting
 * Level 5.2 Short Blades
 - Level 4.8 Crossbows
 + Level 3.0 Dodging
 - Level 1.3 Stealth


You had 4 spell levels left.
You didn't know any spells.
Your spell library was empty.

Dungeon Overview and Level Annotations

Branches:
Dungeon (4/15)
 Temple: D:4-7

Altars:
Ru

Annotations:
D:4 Grinder


Innate Abilities, Weirdness & Mutations

You are small and have problems with some larger weapons.
You are carnivorous and can eat meat at any time.


Message History

Grinder is heavily wounded.
Grinder hits you.
You writhe in agony.
Grinder gestures at you.
You barely resist.
You are too injured to fight recklessly!
You are too injured to fight recklessly!
You are too injured to fight recklessly!
You are too injured to fight recklessly!
You are too injured to fight recklessly!
You hit Grinder but do no damage.
Grinder is heavily wounded.
Grinder hits you.
You writhe in agony.
* * * LOW HITPOINT WARNING * * *
You hit Grinder.
Grinder is heavily wounded.
Grinder gestures at you.
You suddenly lose the ability to move!
Grinder gestures at you. Pain shoots through your body!
You die...

#.... .. ###... .###########
#....# ........... +....#
#.......... #....# #.........
#....#################.........
#.........................#
#<........................#
#..............@5.........#
#.........................+
#.........................#
####+##########+###########


You could see Grinder.

Vanquished Creatures
  Robin (D:2)
  4 adders
  An ooze (D:3)
  6 worms
  2 dart slugs
  2 leopard geckos (D:2)
  2 orcs (D:2)
  9 bats
  9 giant cockroaches
  12 goblins
  16 hobgoblins
  7 jackals
  2 ball pythons
  5 frilled lizards
  7 kobolds
  8 rats
93 creatures vanquished.

Vanquished Creatures (others)
  A worker ant (D:4)
  An adder skeleton (D:4)
2 creatures vanquished.

Grand Total: 95 creatures vanquished

Notes
Turn   | Place    | Note
-------+----------+-------------------------------------------
     0 | D:1      | ArchParadox the Kobold Hunter began the quest for the Orb.
     0 | D:1      | Reached XP level 1. HP: 12/12 MP: 1/1
    51 | D:1      | Reached skill level 1 in Short Blades
   116 | D:1      | Reached skill level 2 in Short Blades
   116 | D:1      | Reached XP level 2. HP: 11/18 MP: 2/2
   289 | D:2      | Reached XP level 3. HP: 20/22 MP: 3/3
   624 | D:1      | Reached skill level 3 in Short Blades
  1648 | D:1      | Reached XP level 4. HP: 22/28 MP: 4/4
  1946 | D:2      | Reached skill level 4 in Short Blades
  2814 | D:2      | Reached XP level 5. HP: 25/32 MP: 5/5
  4273 | D:3      | Noticed Robin
  4350 | D:2      | Reached skill level 5 in Short Blades
  4548 | D:2      | Killed Robin
  4753 | D:3      | Found a sacrificial altar of Ru.
  4884 | D:4      | Noticed Grinder
  4898 | D:4      | Paralysed by Grinder for 3 turns
  4915 | D:4      | Paralysed by Grinder for 5 turns
  4916 | D:4      | Killed from afar by Grinder

Illustrated notes

Levels and vault maps discovered:
D:1:      lightli_arrival_noodles, layout_basic,
          hangedman_abyss_or_decor_lesser_grid, grunt_decor_mini_mirrors
D:2:      layout_loops_ring
D:3:      layout_loops_cross, lemuel_coloured_pillars_altar, uniq_robin
D:4:      layout_gridville, lemuel_flame_loot_1, uniq_grinder

Skill      XL: |  1  2  3  4  5 |
---------------+----------------+-----
Short Blades   | 2 3 4 5 |  5.2
Fighting       | 3 |  3.7
Dodging        | 3 |  3.0
Crossbows      | |  4.8
Stealth        | |  1.3

Action                   |  1- 3 |  4- 6 || total
-------------------------+-------+-------++-------
Melee: Short sword       |   103 |   346 ||   449
 Fire: Hand crossbow     |    12 |    12 ||    24
  Use: Scroll            |     1 |     1 ||     2
       Potion            |       |     1 ||     1
 Stab: Sleeping          |     1 |       ||     1
  Eat: Chunk             |    10 |    11 ||    21
Armor: Leather armour    |    25 |       ||    25
       Ring mail         |       |    56 ||    56
       Scale mail        |       |    57 ||    57
Dodge: Dodged            |    63 |   182 ||   245
Block: Buckler           |    16 |    83 ||    99
